 Dungeon Crawl Stone Soup version 0.29-a0-451-gfbfa42419e (webtiles) character file.

Game seed: 11675588380184832270

1985 rj54x the Basher (level 9, 51/51 HPs)
             Began as a Gargoyle Fighter on June 18, 2021.
             Quit the game on level 6 of the Dungeon on May 19, 2022.
             The game lasted 00:20:16 (7073 turns).

rj54x the Basher (Gargoyle Fighter)                 Turns: 7073, Time: 00:20:16

Health: 51/51      AC: 18    Str: 24    XL:     9   Next: 21%
Magic:  9/9        EV:  9    Int:  8    God:
Gold:   243        SH:  7    Dex:  9    Spells: 8/8 levels left

rFire   . . .      SeeInvis +   a - +2 mace (venom)
rCold   + . .      Faith    .   c - +0 kite shield
rNeg    + . .      Spirit   .   r - +1 ring mail {rC+}
rPois   ∞          Reflect  .   i - +0 helmet
rElec   +          Harm     .   t - scarf {+Inv}
rCorr   .          Rampage  .   w - +0 pair of gloves
Will    .....                   q - +2 pair of boots
Stlth   +.........              (no amulet)
HPRegen 0.17/turn               d - ring of see invisible
MPRegen 0.11/turn               (no ring)

@: no status effects
A: sickness immunity, AC +6, negative energy resistance 1, electricity
resistance, torment resistance 1, petrification resistance
a: Evoke Invisibility


You were on level 6 of the Dungeon.
You visited 1 branch of the dungeon, and saw 6 of its levels.

You collected 243 gold pieces.

Inventory:

Hand Weapons
 a - a +2 mace of venom (weapon)
 b - a +1 vorpal flail
 A - a +2 flail of protection
Missiles
 h - 8 boomerangs (quivered)
 s - 8 curare-tipped darts
Armour
 c - a +0 kite shield (worn)
 i - a +0 helmet (worn)
 m - a +1 cloak
 q - a +2 pair of boots (worn)
 r - a +1 ring mail of cold resistance (worn)
 t - a scarf of invisibility (worn)
 w - a +0 pair of gloves (worn)
Magical Staves
 k - a staff of death
Jewellery
 d - a ring of see invisible (left hand)
Wands
 z - a wand of flame (15)
Scrolls
 g - 2 scrolls of identify
 l - a scroll of fog {unknown}
 n - 2 scrolls of teleportation {unknown}
 x - a scroll of blinking
 y - a scroll of amnesia
Potions
 e - a potion of brilliance {unknown}
 f - a potion of mutation {unknown}
 j - 3 potions of curing
 o - 2 potions of lignification {unknown}
 p - 2 potions of heal wounds {unknown}
 u - 2 potions of invisibility {unknown}
 v - a potion of attraction {unknown}


   Skills:
 - Level 3.2 Fighting
 + Level 11.8 Maces & Flails
 - Level 3.2 Armour
 - Level 0.2 Dodging
 + Level 0.4 Stealth
 - Level 3.2 Shields


You had 8 spell levels left.
You didn't know any spells.
Your spell library contained the following spells:

 Spells                   Type           Power      Damage    Failure   Level
 Animate Skeleton         Necr           0%         N/A       91%         1
 Freeze                   Ice            0%         1d3       91%         1
 Pain                     Necr           0%         1d4       91%         1
 Frozen Ramparts          Ice            0%         1d2       99%         3
 Inner Flame              Hex/Fire       0%         N/A       99%         3
 Vampiric Draining        Necr           0%         2d6       99%         3
 Cause Fear               Hex            0%         N/A       100%        4
 Hailstorm                Conj/Ice       0%         3d3       100%        4
 Petrify                  Tmut/Erth      0%         N/A       100%        4
 Irradiate                Conj/Tmut      0%         3d13      100%        5
 Discord                  Hex            0%         N/A       100%        8
 Sublimation of Blood     Necr           Unusable   N/A       N/A         2

Dungeon Overview and Level Annotations

Branches:
Dungeon (6/15)
 Temple: D:4-7

Altars:
Sif Muna
Yredelemnul


Innate Abilities, Weirdness & Mutations

You are immune to sickness and miasma.
Your stone body is resilient. (AC +6)
You are immune to poison.
You resist negative energy. (rN+)
You are resistant to electric shocks. (rElec)
You are resistant to unholy torment.
You are immune to petrification.


Message History

HP restored.
You pick up a book of Alchemy and begin reading...
You add the spells Petrify and Irradiate to your library.
Things that are here:
a +0 whip; a +0 scale mail
Found a rapier.
You now have 243 gold pieces (gained 15).
Found 21 stones.
An ice beast comes into view.
The ice beast hits you. The ice beast freezes you. You resist.
You barely miss the ice beast.
The ice beast hits you but does no damage.
You sock the ice beast!
The ice beast is heavily wounded.
The ice beast hits you but does no damage.
You hit the ice beast.
The ice beast is heavily wounded.
The ice beast hits you but does no damage.
You hit the ice beast but do no damage.
The ice beast is heavily wounded.
The ice beast hits you but does no damage.
You hit the ice beast.
The ice beast is severely wounded.
The ice beast hits you. The ice beast freezes you. You resist.
You sock the ice beast!
You kill the ice beast!
No target in view!
You start resting.
HP restored.
Save game and exit?
Welcome back, rj54x the Gargoyle Fighter.
Press ? for a list of commands and other information.
You don't know any spells.
Hit: a) +2 mace (venom)
Press: ? - help, Dir - move target, f - you
Okay, then.
Welcome back, rj54x the Gargoyle Fighter.
Press ? for a list of commands and other information.
Okay, then.
Are you sure you want to abandon this character and quit the game? (Confirm with "yes".)

### #.## #..# #..#
#..# #..# ##@.# .#
#(..# ###.## #...#
).....## ##...#
....##.. #....#
.......# #....#
.........#####....#
.........#.....#..#
..................#


There were no monsters in sight!

Vanquished Creatures
  Prince Ribbit (D:5)
  Sigmund (D:4)
  Menkaure (D:5)
  A steam dragon (D:6)
  A water moccasin (D:5)
  An ice beast (D:6)
  An ogre (D:6)
  A centaur (D:6)
  3 scorpions
  A gnoll sergeant (D:6)
  2 jellies
  A bullfrog zombie (D:6)
  2 centaur skeletons
  3 hounds
  5 orc priests
  Jessica (D:3)
  3 orc wizards
  2 iguanas
  A scorpion zombie (D:5)
  A killer bee zombie (D:6)
  Robin (D:4)
  4 gnolls
  5 adders
  A worm (D:4)
  2 dart slugs
  18 orcs
  7 endoplasms
  A giant cockroach (D:3)
  13 goblins
  9 hobgoblins
  3 jackals (D:3)
  4 quokkas
  5 ball pythons
  4 bats
  2 frilled lizards (D:1)
  3 kobolds
  4 rats
119 creatures vanquished.

Vanquished Creatures (others)
  An orc wizard (D:5)
1 creature vanquished.

Grand Total: 120 creatures vanquished

Notes
Turn   | Place    | Note
-------+----------+-------------------------------------------
     0 | D:1      | rj54x the Gargoyle Fighter began the quest for the Orb.
     0 | D:1      | Reached XP level 1. HP: 14/14 MP: 1/1
   493 | D:1      | Reached XP level 2. HP: 19/19 MP: 2/2
   501 | D:1      | Reached skill level 3 in Maces & Flails
   838 | D:1      | Reached XP level 3. HP: 18/23 MP: 3/3
  2297 | D:2      | Upgraded the game from 0.27-a0-1308-gc08437e49b to
                  | 0.27-a0-1513-g2aaa0cc67b
  2399 | D:3      | Reached skill level 4 in Maces & Flails
  2399 | D:3      | Reached XP level 4. HP: 28/28 MP: 4/4
  2689 | D:3      | Found a faded altar of an unknown god.
  2801 | D:3      | Reached skill level 5 in Maces & Flails
  2801 | D:3      | Reached XP level 5. HP: 25/32 MP: 5/5
  3159 | D:3      | Noticed Jessica
  3167 | D:3      | Killed Jessica
  3541 | D:4      | Reached skill level 6 in Maces & Flails
  3541 | D:4      | Reached XP level 6. HP: 22/37 MP: 6/6
  3846 | D:4      | Noticed Robin
  3876 | D:4      | Killed Robin
  3959 | D:4      | Noticed Sigmund
  3966 | D:4      | Killed Sigmund
  3967 | D:4      | Reached skill level 7 in Maces & Flails
  3967 | D:4      | Reached XP level 7. HP: 31/41 MP: 7/7
  4286 | D:5      | Entered Level 5 of the Dungeon
  4310 | D:5      | Found a basalt altar of Yredelemnul.
  4466 | D:5      | Noticed Prince Ribbit
  4500 | D:5      | Killed Prince Ribbit
  4501 | D:5      | Reached skill level 8 in Maces & Flails
  4813 | D:5      | Reached skill level 9 in Maces & Flails
  4813 | D:5      | Reached XP level 8. HP: 38/46 MP: 8/8
  5471 | D:5      | Noticed Menkaure
  5475 | D:5      | Killed Menkaure
  5476 | D:5      | Upgraded the game from 0.27-a0-1513-g2aaa0cc67b to
                  | 0.28-a0-119-ga52ba8600a
  5586 | D:5      | Found a shimmering blue altar of Sif Muna.
  5608 | D:5      | Reached skill level 10 in Maces & Flails
  6425 | D:6      | Reached skill level 11 in Maces & Flails
  6425 | D:6      | Reached XP level 9. HP: 46/51 MP: 9/9
  7073 | D:6      | Upgraded the game from 0.28-a0-119-ga52ba8600a to
                  | 0.29-a0-82-g837932c90e
  7073 | D:6      | Upgraded the game from 0.29-a0-82-g837932c90e to
                  | 0.29-a0-451-gfbfa42419e
  7073 | D:6      | Quit the game

Illustrated notes

Levels and vault maps discovered:
D:1:      dpeg_chamrin_arrival_tetris, layout_basic
D:2:      layout_basic
D:3:      layout_basic, hellmonk_ecumenical_altar_dog_temple, uniq_jessica
D:4:      layout_basic, uniq_sigmund, uniq_robin
D:5:      layout_loops_corners, lemuel_round_altar, led_sif_book,
          dk_noncrumbling_4, uniq_menkaure, uniq_prince_ribbit1
D:6:      layout_rooms, nicolae_overflow_hidden_temple,
          kennysheep_generic_room_9

Skill      XL: |  1  2  3  4  5  6  7  8 |
---------------+-------------------------+-----
Maces & Flails | 3 4 5 6 7 9 11 | 11.8
Fighting       | |  3.2
Armour         | |  3.2
Dodging        | |  0.2
Stealth        | |  0.4
Shields        | |  3.2

Action                   |  1- 3 |  4- 6 |  7- 9 || total
-------------------------+-------+-------+-------++-------
Melee: Flail             |   109 |   137 |       ||   246
       Mace              |       |    39 |   197 ||   236
Throw: Boomerang         |       |       |     8 ||     8
  Use: Scroll            |       |     8 |     1 ||     9
       Potion            |       |     1 |       ||     1
Armor: Scale mail        |    58 |    26 |       ||    84
       Ring mail         |       |    70 |   100 ||   170
Dodge: Dodged            |    51 |    66 |    63 ||   180
Block: Kite shield       |    61 |   103 |    87 ||   251

Table legend: (Time is in decaauts)
 A = Elapsed time spent in this place.
 B = Non-inter-level travel time spent in this place.
 C = Inter-level travel time spent in this place.
 D = Time resting spent in this place.
 E = Time spent auto-exploring this place.
 F = Levels seen in this place.
 G = Mean time per level.
                   A        B        C        D        E       F      G
               +--------+--------+--------+--------+--------+-----+--------+
         Total |   7219 |   7122 |     97 |   2279 |   3630 |   6 | 1203.2 |
       Dungeon |   7219 |   7122 |     97 |   2279 |   3630 |   6 | 1203.2 |
               +--------+--------+--------+--------+--------+-----+--------+

Top non-repeatable levels by time:
     D:5: 1758 daAuts
     D:1: 1500 daAuts
     D:6: 1059 daAuts
     D:4: 1042 daAuts
     D:3: 996 daAuts
     D:2: 863 daAuts
